 Dungeon Crawl Stone Soup version 0.31.0-11-ge490571c62 (webtiles) character file.

Game seed: 16393925840774439264

434 groovy9 the Slasher (level 6, -8/57 HPs)
             Began as a Minotaur Fighter on Jan 26, 2024.
             Was an Initiate of Okawaru.
             Mangled by Duvessa
             ... wielding a +0 short sword
              (18 damage)
             ... on level 4 of the Dungeon.
             The game lasted 00:07:54 (3100 turns).

groovy9 the Slasher (Minotaur Fighter)              Turns: 3100, Time: 00:07:54

Health: -8/57      AC:  6    Str: 21    XL:     6   Next: 68%
Magic:  5/5        EV:  9    Int:  5    God:    Okawaru [......]
Gold:   254        SH:  4    Dex: 11    Spells: 5/5 levels left

rFire   . . .        a - +0 long sword
rCold   . . .        c - +0 buckler
rNeg    . . .        b - +0 scale mail
rPois   .            (helmet restricted)
rElec   .            (no cloak)
rCorr   .            (no gloves)
SInv    .            (no boots)
Will    .....        (no amulet) Stlth
                     (no ring)
HPRegen 0.29/turn    (no ring)
MPRegen 0.09/turn

%: no passive effects
@: hasted, very quick
A: horns 2, retaliatory headbutt
a: Renounce Religion


You were on level 4 of the Dungeon.
You worshipped Okawaru.
Okawaru was noncommittal.
You visited 1 branch of the dungeon, and saw 4 of its levels.

You collected 254 gold pieces.

Inventory:

Hand Weapons
 a - a +0 long sword (weapon)
Armour
 b - a +0 scale mail (worn)
 c - a +0 buckler (worn)
Jewellery
 e - a ring of fire
Wands
 n - a wand of charming (8)
Scrolls
 f - 3 scrolls of teleportation {unknown}
 h - 3 scrolls of identify {unknown}
 i - a scroll of fog {unknown}
 k - a scroll of torment {unknown}
 l - a scroll of summoning {unknown}
 m - a scroll of enchant weapon {unknown}
 o - a scroll of amnesia {unknown}
 q - a scroll of vulnerability {unknown}
Potions
 d - a potion of curing
 g - a potion of magic
 j - a potion of haste
 p - a potion of heal wounds {unknown}


   Skills:
 + Level 6.0 Fighting
 * Level 7.2 Long Blades
 - Level 3.6 Armour
 - Level 3.6 Shields


You had 5 spell levels left.
You didn't know any spells.
Your spell library contained the following spells:

 Spells                   Type           Power      Damage    Failure   Level
 Magic Dart               Conj           0%         1d3       87%         1
 Searing Ray              Conj           0%         2d4       95%         2
 Hailstorm                Conj/Ice       0%         3d5       99%         3
 Inner Flame              Hex/Fire       0%         N/A       99%         3
 Fulminant Prism          Conj/Alch      0%         3d5       100%        4
 Irradiate                Conj/Alch      0%         3d11      100%        5
 Ignition                 Fire           0%         3d3       100%        8
 Summon Ice Beast         Ice/Summ       Unusable   N/A       N/A         3
 Sculpt Simulacrum        Ice/Alch       Unusable   N/A       N/A         6

Dungeon Overview and Level Annotations

Branches:
Dungeon (4/15)             Temple (0/1) D:4

Altars:
Ashenzari
Fedhas
Nemelex Xobeh
Okawaru
Qazlal
Vehumet
Wu Jian

Annotations:
D:4 Duvessa


Innate Abilities, Weirdness & Mutations

You have a pair of horns on your head.
You reflexively headbutt those who attack you in melee.


Message History

There is an open door here.
You see here a +0 club.
You hit Duvessa. Your headbutt misses Duvessa.
Duvessa is lightly wounded.
Dowan hits you but does no damage. Duvessa hits you with a +0 short sword!
You hit Dowan but do no damage. Your headbutt misses Dowan.
Dowan hits you but does no damage.
You barely miss Dowan. You block Duvessa's attack.
You slash Dowan! You headbutt Dowan!
Dowan is severely wounded.
Dowan closely misses you. Duvessa closely misses you.
You hit Dowan.
Dowan is severely wounded.
Dowan gestures at you while chanting. The puff of frost hits you!
You block Duvessa's attack.
You barely miss Dowan. Your headbutt misses Dowan.
Dowan is severely wounded.
You closely miss Dowan.
Dowan is severely wounded.
Dowan closely misses you. You furiously retaliate!
You headbutt Dowan. Duvessa completely misses you.
You hit Dowan.
You kill Dowan!
Okawaru accepts your kill.
Duvessa screams in rage.
Duvessa goes berserk!
Duvessa hits you with a +0 short sword!!
* * * LOW HITPOINT WARNING * * *
Your Fighting skill increases to level 6!
You closely miss Duvessa.
Duvessa is lightly wounded.
Duvessa hits you but does no damage.
You barely miss Duvessa. Your headbutt misses Duvessa.
Duvessa is lightly wounded.
Duvessa hits you with a +0 short sword.
* * * LOW HITPOINT WARNING * * *
You hit Duvessa but do no damage. Your headbutt misses Duvessa.
Duvessa is lightly wounded.
Duvessa hits you with a +0 short sword!!
You die...

.........###)#
~##..###..##)# ###
#..##...##.# #..
#..##.P.##.# #..
##..##.).##.#####.. ###
#......_........+.. ....
#..........######.. .....
#......P...# #..
......##@#+#....#######..
.......e<#...#...........
......#.####.#...).......
..... ... #.............
..## #.... ##............
# #....# #............
♣.P..♣ #............
♣♣...♣ #.....###.###
♣♣.♣♣ #.....#...#


You could see Duvessa (berserk).

Vanquished Creatures
  Blork the orc (D:4)
  Dowan (D:4)
  2 jellies (D:2)
  An orc priest (D:4)
  A bombardier beetle (D:3)
  Natasha (D:2)
  3 gnolls (D:4)
  3 adders
  3 dart slugs
  2 ribbon worms
  7 orcs
  12 endoplasms
  A giant cockroach (D:3)
  9 goblins
  8 hobgoblins
  6 jackals (D:1)
  3 quokkas (D:1)
  2 ball pythons
  7 bats
  4 frilled lizards
  19 kobolds
  7 rats
103 creatures vanquished.

Notes
Turn   | Place    | Note
-------+----------+-------------------------------------------
     0 | D:1      | groovy9 the Minotaur Fighter began the quest for the Orb.
     0 | D:1      | Reached XP level 1. HP: 19/19 MP: 0/0
    80 | D:1      | Reached skill level 3 in Long Blades
    97 | D:1      | Found a faded altar of an unknown god.
   130 | D:1      | Reached XP level 2. HP: 27/27 MP: 1/1
   425 | D:1      | Reached XP level 3. HP: 33/33 MP: 2/2
   704 | D:1      | Reached skill level 4 in Long Blades
   935 | D:2      | Reached XP level 4. HP: 20/41 MP: 3/3
  1224 | D:2      | Noticed Natasha
  1228 | D:2      | Killed Natasha
  1275 | D:2      | Reached skill level 5 in Long Blades
  1339 | D:2      | Found an iron altar of Okawaru.
  1339 | D:2      | Found a sparkling altar of Nemelex Xobeh.
  1339 | D:2      | Found a radiant altar of Vehumet.
  1339 | D:2      | Found a broken altar of Ashenzari.
  1339 | D:2      | Found a radiant altar of Vehumet.
  1339 | D:2      | Found a blossoming altar of Fedhas.
  1352 | D:2      | Reached skill level 5 in Fighting
  1352 | D:2      | Reached XP level 5. HP: 16/48 MP: 4/4
  1647 | D:2      | Became a worshipper of Warmaster Okawaru
  1933 | D:3      | Reached skill level 6 in Long Blades
  2170 | D:3      | Found an ornate altar of the Wu Jian Council.
  2512 | D:4      | Noticed Blork the orc
  2533 | D:4      | Killed Blork the orc
  2534 | D:4      | Reached XP level 6. HP: 13/57 MP: 5/5
  2710 | D:4      | Found a staircase to the Ecumenical Temple.
  2846 | D:4      | Found a stormy altar of Qazlal.
  2897 | D:4      | Reached skill level 7 in Long Blades
  3080 | D:4      | Noticed Duvessa
  3081 | D:4      | Noticed Dowan
  3097 | D:4      | Killed Dowan
  3100 | D:4      | Mangled by Duvessa

Illustrated notes

Levels and vault maps discovered:
D:1:      minmay_arrival_stair_chambers, layout_loops_cross,
          ebering_ecumenical_altar_webs, chequers_big_river
D:2:      cheibrodos_fertilizer, layout_rooms, minmay_close_crescents,
          uniq_natasha
D:3:      layout_loops_ring, nicolae_wu_jian_immortal_techniques
D:4:      layout_basic, nicolae_elyvilon_peaceful_grove,
          mainiacjoe_overflow_tiny_flanked, minitemple,
          minmay_temple_entry_proselytizer, uniq_blork_the_orc, uniq_duvessa,
          uniq_sigmund, uniq_crazy_yiuf_cottage

Skill      XL: |  1  2  3  4  5  6 |
---------------+-------------------+-----
Long Blades    | 3 4 5 6 7 |  7.2
Fighting       | 4 5 6 |  6.0
Armour         | |  3.6
Shields        | |  3.6

Action                     |  1- 3 |  4- 6 || total
---------------------------+-------+-------++-------
  Melee: Long sword        |   124 |   164 ||   288
         Headbutt          |    15 |    23 ||    38
    Use: Potion            |       |     5 ||     5
 Armour: Scale mail        |    84 |    84 ||   168
  Dodge: Dodged            |    57 |    64 ||   121
  Block: Buckler           |    23 |    32 ||    55
